 Dungeon Crawl Stone Soup version 0.23-a0-582-g1b4a0ca (webtiles) character file.

244 Inarius the Chopper (level 5, 0/41 HPs)
             Began as a Demonspawn Chaos Knight on Dec 16, 2018.
             Was a Plaything of Xom.
             Slain by Pikel
             ... wielding a +1 whip of flaming
              (2 damage)
             ... on level 3 of the Dungeon.
             The game lasted 00:04:39 (2287 turns).

Inarius the Chopper (Demonspawn Chaos Knight)       Turns: 2287, Time: 00:04:40

Health: 0/41       AC: 10    Str: 13    XL:     5   Next: 83%
Magic:  0/5        EV:  5    Int: 13    God:    Xom [....*.]
Gold:   268        SH:  7    Dex: 13    Spells: 4/4 levels left

rFire    . . .     SeeInvis .   a - +0 hand axe (chaos)
rCold    + . .     Gourm    .   d - +0 shield
rNeg     . . .     Faith    .   i - +0 chain mail (curse)
rPois    .         Spirit   +   (no helmet)
rElec    .         Reflect  .   (no cloak)
rCorr    .         Harm     .   h - +0 pair of gloves
MR       .....                  (no boots)
Stlth    ..........             q - amulet of guardian spirit
HPRegen  0.13/turn              g - ring of wizardry
MPRegen  0.09/turn              f - ring of protection from cold

@: hasted, very quick
A: hooves 1, repulsion field 1
a: Renounce Religion


You were on level 3 of the Dungeon.
You worshipped Xom.
You were a beloved toy of Xom.
You were near starving.

You visited 1 branch of the dungeon, and saw 4 of its levels.

You collected 268 gold pieces.

Inventory:

Hand Weapons
 a - a +0 hand axe of chaos (weapon)
 u - a +4 whip
Missiles
 n - 6 javelins (quivered)
Armour
 d - a +0 shield (worn)
 h - a +0 pair of gloves (worn)
 i - a cursed +0 chain mail (worn)
Jewellery
 f - a ring of protection from cold (right hand)
 g - a ring of wizardry (left hand)
 q - an amulet of guardian spirit (around neck)
 v - an uncursed ring of see invisible {unknown}
Scrolls
 b - a scroll of remove curse {unknown}
 j - a scroll of noise {unknown}
 m - 3 scrolls of teleportation {unknown}
 o - a scroll of magic mapping {unknown}
 p - a scroll of random uselessness {unknown}
 s - a scroll of fog {unknown}
 t - a scroll of identify {unknown}
Potions
 k - a potion of curing
 l - 3 potions of brilliance {unknown}
 r - 4 potions of lignification {unknown}
Comestibles
 c - 12 rations


   Skills:
 + Level 3.6 Fighting
 * Level 4.7 Axes
 + Level 2.8 Armour
 + Level 1.4 Dodging
 + Level 0.4 Stealth
 + Level 1.3 Shields


You had 4 spell levels left.
You didn't know any spells.
Your spell library was empty.

Dungeon Overview and Level Annotations

Branches:
Dungeon (4/15)
 Temple: D:4-7

Altars:
Dithmenos
Vehumet

Shops:
D:4 [

Annotations:
D:4 Pikel


Innate Abilities, Weirdness & Mutations

You have large cloven feet.
You are surrounded by a mild repulsion field. (EV +2)


Message History

* * * LOW HITPOINT WARNING * * *
You climb upwards.
Reactivating autopickup.
There is a stone staircase leading down here.
It was a potion of curing.
You feel better. Something hits you.
* * * LOW HITPOINT WARNING * * *
Something burns you.
* * * LOW HITPOINT WARNING * * *
Deactivating autopickup; reactivate with Ctrl-A.
Something hits you.
* * * LOW HITPOINT WARNING * * *
Something burns you.
* * * LOW HITPOINT WARNING * * *
Okay, then.
Unknown command.
Something hits you.
* * * LOW HITPOINT WARNING * * *
Something burns you.
You die... "It's all fun and games until someone loses an eye."

######### #.......# #@#####.#
#.##.<#.# #.##.##.#
###.##....######
##########..[>....[.....#
#........#.#.........##.#####
#.##..#.##.##....###.#.......
#..................#.##..####
###..#.....##.#.##.#.#....#.#


There were no monsters in sight!

Vanquished Creatures
  A slave (D:4)
  A howler monkey (D:4)
  A hound (D:4)
  A bullfrog skeleton (D:4)
  An orc priest (D:4)
  A river rat (D:4)
  An adder (D:4)
  An adder skeleton (D:4)
  2 worms
  A dart slug (D:3)
  3 leopard geckos
  5 orcs
  2 ball pythons (D:1)
  8 bats
  2 giant cockroaches
  6 goblins
  7 hobgoblins
  2 jackals (D:2)
  5 frilled lizards
  4 kobolds
  9 rats
64 creatures vanquished.

Vanquished Creatures (collateral kills)
  An iguana (D:4)
  A worm (D:4)
2 creatures vanquished.

Grand Total: 66 creatures vanquished

Notes
Turn   | Place    | Note
-------+----------+-------------------------------------------
     0 | D:1      | Inarius the Demonspawn Chaos Knight began the quest for the
                  | Orb.
     0 | D:1      | Reached XP level 1. HP: 18/18 MP: 1/1
    12 | D:1      | XOM: divination: detect creatures
   115 | D:1      | Reached skill level 1 in Dodging
   127 | D:1      | Gained mutation: You are surrounded by a mild repulsion
                  | field. (EV +2) [demonic ancestry]
   127 | D:1      | Reached XP level 2. HP: 22/24 MP: 2/2
   182 | D:1      | Reached skill level 3 in Axes
   338 | D:1      | XOM: harmless Erth miscast
   363 | D:1      | XOM: divination: detect creatures
   466 | D:2      | Found a shadowy altar of Dithmenos.
   497 | D:2      | XOM: confuse monster(s)
   499 | D:2      | XOM: harmless Tmut miscast
   505 | D:2      | Reached XP level 3. HP: 27/29 MP: 3/3
   651 | D:2      | XOM: mild Conj miscast
   679 | D:2      | XOM: harmless Fire miscast
   848 | D:2      | XOM: harmless Chrm miscast
  1480 | D:4      | Reached skill level 4 in Axes
  1480 | D:4      | Reached XP level 4. HP: 34/35 MP: 4/4
  1509 | D:4      | XOM: divination: detect items
  1515 | D:4      | XOM: fake destruction
  1532 | D:4      | XOM: polymorph hound -> iguana
  1535 | D:4      | XOM: cast spell 'Summon Ice Beast'
  1769 | D:4      | Reached skill level 1 in Shields
  1769 | D:4      | Gained mutation: You have large cloven feet. [demonic
                  | ancestry]
  1769 | D:4      | Reached XP level 5. HP: 39/41 MP: 5/5
  1923 | D:4      | XOM: divination: magic mapping
  1975 | D:4      | Found Pyhawoum's Antique Armour Boutique.
  2118 | D:4      | Found a radiant altar of Vehumet.
  2210 | D:4      | Noticed a slave
  2212 | D:4      | Noticed Pikel
  2212 | D:4      | Noticed a slave
  2221 | D:4      | XOM: fog
  2232 | D:4      | Killed a slave
  2243 | D:4      | Noticed a slave
  2245 | D:4      | Noticed a slave
  2272 | D:4      | HP: 2/41 [something (3)]
  2287 | D:3      | HP: 2/41 [something (3)]
  2287 | D:3      | Slain by Pikel

Vault maps used:
D:1:      ncdulo_halloftheorcs, grunt_decor_cap
D:2:      nicolae_dithmenos_shadow_blocks, hangedman_decor_slide_cut,
          hangedman_abyss_or_decor_stabs
D:4:      vehumet_crystals, first_ration, serial_shops, shop_coins, uniq_pikel

Skill      XL: |  1  2  3  4 |
---------------+-------------+-----
Dodging        | 1 |  1.4
Axes           | 3 4 |  4.7
Armour         | 2 |  2.8
Shields        | 1 |  1.3
Fighting       | |  3.6
Stealth        | |  0.4

Action                   |  1- 3 |  4- 6 || total
-------------------------+-------+-------++-------
Melee: Hand axe          |   144 |    92 ||   236
       Kick              |       |    20 ||    20
  Use: Potion            |       |     2 ||     2
 Stab: Petrified         |       |     3 ||     3
  Eat: Chunk             |     2 |     1 ||     3
Armor: Leather armour    |    13 |       ||    13
       Chain mail        |    62 |    41 ||   103
Dodge: Dodged            |    39 |    16 ||    55
Block: Shield            |    43 |    26 ||    69

Table legend:
 A = Non-vault XP
 B = Vault XP
 C = Vault XP percentage of total XP
 D = Non-vault monster count
 E = Vault monster count
 F = Vault count percentage of total count
                 A         B        C        D         E       F
            +---------+---------+-------+---------+---------+-------
      Total |     349 |       0 |   0.0 |      65 |       0 |   0.0
            +---------+---------+-------+---------+---------+-------
        D:1 |      35 |       0 |   0.0 |      23 |       0 |   0.0
        D:2 |      25 |       0 |   0.0 |      12 |       0 |   0.0
        D:3 |      29 |       0 |   0.0 |      16 |       0 |   0.0
        D:4 |     260 |       0 |   0.0 |      14 |       0 |   0.0
            +---------+---------+-------+---------+---------+-------
